 Dungeon Crawl Stone Soup version 0.25-a0-589-g1e14c549ee (webtiles) character file.

Game seed: 6750868238122025587, levelgen mode: deterministic

12702 Kohma the Grappler (level 11, -16/99 HPs)
             Began as a Black Draconian Transmuter on Mar 10, 2020.
             Was an Elder of Makhleb.
             Demolished by a white ugly thing (35 damage)
             ... on level 11 of the Dungeon.
             The game lasted 00:31:24 (13289 turns).

Kohma the Grappler (Black Draconian Transmuter)    Turns: 13289, Time: 00:31:25

Health: -16/99     AC: 10    Str: 13    XL:     11   Next: 65%
Magic:  14/17      EV: 15    Int: 17    God:    Makhleb [****..]
Gold:   600        SH:  0    Dex: 11    Spells: 5/18 levels left

rFire    . . .     SeeInvis .     - Unarmed
rCold    . . .     Gourm    .   (shield currently unavailable)
rNeg     . . .     Faith    .   (armour unavailable)
rPois    +         Spirit   .   (helmet restricted)
rElec    +         Reflect  .   A - +2 cloak {rPois}
rCorr    +         Harm     .   (gloves currently unavailable)
MR       .....                  (no boots)
Stlth    +.........             (no amulet)
HPRegen  0.26/turn              j - ring of wizardry
MPRegen  0.15/turn              B - ring of resist corrosion

@: blade hands, slowed, very slow
A: breathe lightning, unfitting armour, electricity resistance, cold-blooded, AC
+7
a: Breathe Lightning, End Transformation, Minor Destruction, Lesser Servant of
Makhleb, Major Destruction, Renounce Religion


You were on level 11 of the Dungeon.
You worshipped Makhleb.
Makhleb was greatly pleased with you.
You were not hungry.
You had blades for hands.
You visited 3 branches of the dungeon, and saw 13 of its levels.

You collected 600 gold pieces.

Inventory:

Hand Weapons
 b - a +3 dagger of venom
 l - a +2 hunting sling of flaming
 D - the +6 long sword "Lyozoneo" {venom, *Noise rF++, unknown}
   (You found it on level 10 of the Dungeon)

   It poisons the flesh of those it strikes.
   It greatly protects you from fire.
   It may make noises in combat.
Missiles
 a - 169 arrows
 s - 40 poisoned darts (quivered)
 y - 3 javelins
Armour
 A - a +2 cloak of poison resistance (worn)
Jewellery
 j - a ring of wizardry (left scythe-like blade)
 o - an uncursed ring of wizardry
 B - a ring of resist corrosion (right scythe-like blade)
Wands
 g - a wand of scattershot (4)
 i - a wand of iceblast (9)
 p - a wand of flame (44)
 v - a wand of acid (11)
Scrolls
 f - 3 scrolls of enchant armour
 h - 3 scrolls of remove curse
 m - 6 scrolls of teleportation
 u - a scroll of fear
 C - a scroll of amnesia
 H - a scroll of identify
Potions
 d - 3 potions of flight
 e - a potion of invisibility
 k - 2 potions of lignification
 n - 3 potions of stabbing
 q - a potion of resistance
 r - a potion of brilliance
 t - 4 potions of curing
 w - 2 potions of ambrosia
 x - 3 potions of might {unknown}
 z - a potion of berserk rage {unknown}
 E - a potion of haste {unknown}
 F - a potion of heal wounds
Comestibles
 c - 20 rations
 G - 23 chunks of flesh


   Skills:
 - Level 10.0 Fighting
 + Level 6.5 Dodging
 * Level 11.5 Unarmed Combat
 - Level 4.0 Spellcasting
 - Level 1.0 Conjurations
 - Level 8.0 Transmutations
 - Level 2.0 Air Magic
 - Level 2.1 Poison Magic
 - Level 4.0 Invocations


You had 5 spell levels left.
You knew the following spells:

 Your Spells              Type           Power        Failure   Level  Hunger
a - Blade Hands           Tmut           ####......   26%         5    ######.
b - Sticks to Snakes      Tmut           ####....     6%          2    ##.....
c - Spider Form           Tmut/Pois      ###.......   16%         3    ###....
d - Mephitic Cloud        Conj/Pois/Air  #.......     34%         3    ###....

Your spell library contained the following spells:

 Spells                   Type           Power        Failure   Level  Hunger
 Beastly Appendage        Tmut           ####..       4%          1    None
 Sting                    Tmut/Pois      ###.         9%          1    None
 Shock                    Conj/Air       #...         19%         1    None
 Poisonous Vapours        Pois/Air       ##....       21%         2    ##.....
 Ignite Poison            Fire/Tmut/Pois ##......     22%         3    ###....
 Ice Form                 Ice/Tmut       ###.....     38%         4    ####...
 Call Canine Familiar     Summ           #.......     50%         3    ###....
 Olgreb's Toxic Radiance  Pois           ##......     58%         4    ####...
 Conjure Ball Lightning   Conj/Air       #.........   100%        6    #######
 Summon Hydra             Summ           #.........   100%        7    #######


Dungeon Overview and Level Annotations

Branches:
Dungeon (11/15)            Temple (1/1) D:4             Orc (1/2) D:9
   Lair: D:8-11

Altars:
Ashenzari
Cheibriados
Dithmenos
Elyvilon
Fedhas
Gozag
Hepliaklqana
Kikubaaqudgha
Makhleb
Nemelex Xobeh
Okawaru
Qazlal
Ru
Sif Muna
Trog
Uskayaw
Vehumet
Wu Jian
Xom
Yredelemnul
Zin
The Shining One
Beogh

Shops:
D:6 [   D:9 *


Innate Abilities, Weirdness & Mutations

You can breathe wild blasts of lightning.
Your glossy black scales are hard. (AC +7)
You cannot fit into any form of body armour.
You are resistant to electric shocks. (rElec)
You are cold-blooded and may be slowed by cold attacks.


Message History

a +0 giant club; an ogre skeleton A white ugly thing comes into view.
There is a stone staircase leading up here.
You completely miss the white ugly thing.
You slice the white ugly thing!!
The white ugly thing is moderately wounded.
The white ugly thing headbutts you but does no damage.
You slash the white ugly thing!
The white ugly thing is heavily wounded.
The white ugly thing headbutts you. The white ugly thing freezes you!
You shred the white ugly thing!!!
The white ugly thing is almost dead.
The white ugly thing headbutts you. The white ugly thing freezes you!!
* * * LOW HITPOINT WARNING * * *
You hit the white ugly thing but do no damage.
The white ugly thing is almost dead.
The white ugly thing headbutts you!
* * * LOW HITPOINT WARNING * * *
The white ugly thing freezes you!!
You feel yourself slow down.
You die...

### ... ####.### ####
#...... ... #.....
..#.......
#.##.######.#....... #
#...).....#.#.......
##.#....<@##.#.#......≈
........u###.#)#......≈
..##........)#)#.....;;
...#..#)#....))#.....≈≈
...........u..........≈
.#.####.#.....)##.....≈
.....................≈≈
.# .###.#......####..≈≈
#........# .≈≈


You could see a white ugly thing.

Vanquished Creatures
  The ghost of Armakuni the Carver, a journeyman HuMo of Gozag (D:10)
  2 two-headed ogres
  A wizard (D:10)
  An unseen horror (D:8)
  An orc sorcerer (D:10)
  A centaur zombie (D:10)
  Maurice (D:8)
  The ghost of blobbo the Shield-Bearer, a novice DDFi of Makhleb (D:4)
  Joseph (D:8)
  Psyche (D:11)
  A queen bee (D:10)
  Grinder (D:4)
  A troll (D:11)
  A hornet (D:10)
  A hippogriff (D:8)
  Sigmund (D:3)
  10 yaks
  A wraith (D:10)
  Edmund (D:4)
  A warg (D:9)
  A soldier ant (D:11)
  5 orc warriors
  2 ice beasts
  4 sky beasts
  3 ogres
  3 phantoms
  3 wolves (D:11)
  3 centaurs
  A necrophage (D:8)
  3 big kobolds
  2 bullfrogs
  A scorpion (D:8)
  12 killer bees
  2 howler monkeys (D:8)
  3 crimson imps
  A quasit (D:9)
  11 orc priests
  11 hounds
  3 jellies
  Crazy Yiuf (D:2)
  2 bullfrog skeletons
  3 centaur skeletons
  A gnoll shaman (D:5)
  Ijyb (D:3)
  6 orc wizards
  2 iguanas
  7 worker ants
  A hound skeleton (D:4)
  A worker ant zombie (D:6)
  Robin (D:3)
  9 adders
  5 gnolls (D:5)
  4 oozes
  An adder zombie (D:6)
  An adder skeleton (D:6)
  2 worms
  A dart slug (D:1)
  5 leopard geckos
  50 orcs
  9 giant cockroaches
  20 goblins
  9 hobgoblins
  9 jackals
  25 kobolds
  5 quokkas
  A ball python (D:2)
  10 bats
  3 frilled lizards
  A jackal zombie (D:4)
  A quokka skeleton (D:4)
  6 rats
307 creatures vanquished.

Vanquished Creatures (others)
  An orc (D:2)
1 creature vanquished.

Grand Total: 308 creatures vanquished

Notes
Turn   | Place    | Note
-------+----------+-------------------------------------------
     0 | D:1      | Kohma the Draconian Transmuter began the quest for the Orb.
     0 | D:1      | Reached XP level 1. HP: 16/16 MP: 3/3
   264 | D:1      | Reached XP level 2. HP: 23/23 MP: 3/5
   301 | D:1      | Learned a level 2 spell: Sticks to Snakes
   696 | D:1      | Reached XP level 3. HP: 24/28 MP: 6/6
  1404 | D:2      | Reached XP level 4. HP: 27/35 MP: 7/7
  2364 | D:2      | Found a runed translucent door.
  2571 | D:2      | Learned a level 3 spell: Spider Form
  2571 | D:2      | Noticed Crazy Yiuf
  2582 | D:2      | Killed Crazy Yiuf
  2582 | D:2      | Reached XP level 5. HP: 23/40 MP: 6/9
  2771 | D:3      | Noticed Sigmund
  2784 | D:2      | Reached skill level 4 in Unarmed Combat
  2970 | D:3      | Killed Sigmund
  2970 | D:3      | Reached skill level 5 in Transmutations
  2970 | D:3      | Reached XP level 6. HP: 32/47 MP: 7/10
  3162 | D:3      | Noticed Ijyb
  3589 | D:3      | Killed Ijyb
  3776 | D:3      | Noticed an ice beast
  3776 | D:3      | Noticed Robin
  3799 | D:3      | Killed an ice beast
  3799 | D:3      | Reached skill level 5 in Unarmed Combat
  3799 | D:3      | Your scales start taking on a glossy black colour.
  3799 | D:3      | Reached XP level 7. HP: 9/52 MP: 9/11
  3799 | D:3      | Gained mutation: You are resistant to electric shocks.
                  | (rElec) [Black Draconian growth]
  3818 | D:3      | Killed Robin
  4171 | D:4      | Noticed Grinder
  4175 | D:4      | Paralysed by Grinder for 7 turns
  4194 | D:3      | HP: 1/52 [hound (5)]
  4582 | D:4      | Noticed Edmund
  4602 | D:4      | Killed Edmund
  4646 | D:4      | Found a shattered altar of Ashenzari.
  4647 | D:4      | Found a shimmering altar of Xom.
  4973 | D:4      | Learned a level 5 spell: Blade Hands
  5105 | D:4      | Paralysed by Grinder for 3 turns
  5114 | D:4      | Killed Grinder
  5114 | D:4      | Reached XP level 8. HP: 63/63 MP: 5/12
  5130 | D:4      | Found a staircase to the Ecumenical Temple.
  5138 | Temple   | Entered the Ecumenical Temple
  5172 | Temple   | Became a worshipper of Makhleb the Destroyer
  5504 | D:4      | Found a runed translucent gate.
  5504 | D:4      | Found a runed translucent gate.
  5504 | D:4      | Found a runed translucent gate.
  5504 | D:4      | Noticed blobbo's ghost (novice DDFi)
  5617 | D:5      | Entered Level 5 of the Dungeon
  5853 | D:5      | Reached skill level 6 in Unarmed Combat
  6019 | D:5      | Found a hazy altar of Hepliaklqana.
  6220 | D:5      | Found a shattered altar of Ashenzari.
  6424 | D:6      | Reached * piety under Makhleb
  7140 | D:6      | Reached skill level 5 in Fighting
  7140 | D:6      | Reached skill level 7 in Unarmed Combat
  7292 | D:6      | Found a sparkling altar of Nemelex Xobeh.
  7372 | D:6      | Found Naac's Antique Armour Emporium.
  7433 | D:6      | Reached XP level 9. HP: 66/75 MP: 8/13
  7466 | D:6      | Reached ** piety under Makhleb
  8061 | D:7      | Reached skill level 8 in Unarmed Combat
  8528 | D:7      | Found a hide-covered altar of Uskayaw.
  8529 | D:7      | Noticed a +0 dagger
  8529 | D:7      | Noticed a +0 dagger
  9298 | D:8      | Noticed Maurice
  9307 | D:8      | Killed Maurice
  9513 | D:8      | Killed an unseen horror
  9513 | D:8      | Reached skill level 9 in Unarmed Combat
  9751 | D:8      | Noticed Joseph
  9776 | D:8      | HP: 1/82 [Joseph/+0 quarterstaff (14)]
  9782 | D:8      | Killed Joseph
  9782 | D:8      | Reached skill level 1 in Invocations
  9782 | D:8      | Reached XP level 10. HP: 30/90 MP: 7/14
 10187 | D:9      | Noticed a two-headed ogre
 10345 | D:8      | Killed a two-headed ogre
 10591 | D:8      | Reached *** piety under Makhleb
 10801 | D:9      | Found a staircase to the Orcish Mines.
 10802 | D:9      | Found a roughly hewn altar of Beogh.
 10814 | Orc:1    | Entered Level 1 of the Orcish Mines
 11458 | D:9      | Noticed a two-headed ogre
 11464 | D:9      | Killed a two-headed ogre
 11464 | D:9      | Reached skill level 5 in Dodging
 11464 | D:9      | Reached skill level 10 in Unarmed Combat
 11766 | D:9      | Found Revouc's General Store.
 11865 | D:10     | Entered Level 10 of the Dungeon
 11929 | D:10     | Noticed an orc sorcerer
 11930 | D:10     | Noticed a wizard
 11945 | D:10     | Paralysed by a wizard for 7 turns
 11954 | D:10     | Killed an orc sorcerer
 11956 | D:10     | Killed a wizard
 11956 | D:10     | Reached XP level 11. HP: 99/99 MP: 9/16
 12018 | D:10     | Identified Ujatab's Reference Book on Gliding Summoning
 12027 | D:10     | Learned a level 3 spell: Mephitic Cloud
 12117 | D:10     | Found a transporter.
 12124 | D:10     | Noticed Armakuni's ghost (journeyman HuMo)
 12162 | D:10     | Found a transporter.
 12266 | D:10     | Reached **** piety under Makhleb
 12266 | D:10     | Reached skill level 1 in Air Magic
 12739 | D:4      | Killed blobbo's ghost
 12739 | D:4      | Reached skill level 1 in Conjurations
 12739 | D:4      | Reached skill level 1 in Poison Magic
 12951 | D:10     | Reached skill level 10 in Fighting
 12983 | D:10     | Killed Armakuni's ghost
 12983 | D:10     | Reached skill level 11 in Unarmed Combat
 13003 | D:10     | Got a crystal long sword
 13135 | D:11     | Noticed Psyche
 13142 | D:11     | Killed Psyche
 13278 | D:11     | Noticed a white ugly thing
 13289 | D:11     | Demolished by a white ugly thing

Levels and vault maps discovered:
D:1:      noname_arrival_rooms_in_the_neighbourhood, layout_basic,
          serial_park_tiny_2, wander_ebering_terrifying_dragon_lair
D:2:      layout_basic, corexii_shack, grunt_ministairs_13,
          uniq_crazy_yiuf_cottage
D:3:      layout_loops_ring, uniq_ijyb, uniq_robin, uniq_sigmund
D:4:      layout_cave_pools, gammafunk_temple_overflow_pools, temple_doors_cd,
          first_ration, ebering_ghost_rock_garden, uniq_edmund, uniq_grinder
D:5:      layout_loops_ring, kennysheep_mini, basic_altar
D:6:      layout_gridville, serial_shops, shop,
          hangedman_abyss_or_decor_lesser_grid,
          nemelex_xobeh_ov_fountains_minmay
D:7:      layout_layer_cave, dancing_weapons_uskayaw
D:8:      layout_basic, uniq_joseph, uniq_maurice
D:9:      layout_loops_ring, david_orc_5, serial_shops, kennysheep_mini_moat
D:10:     cheibrodos_wizards_tower, layout_long_grid, gammafunk_ghost_hive
D:11:     layout_basic, erik_lair_island, trove_entry_hex_spiral, uniq_psyche,
          uniq_harold, uniq_erolcha
Temple:   dpeg_five_rooms_temple
Orc:1:    layout_caves, uniq_sonja, uniq_fannar

Skill      XL: |  1  2  3  4  5  6  7  8  9 10 11 |
---------------+----------------------------------+-----
Transmutations | 3 4 5 6 7 8 |  8.0
Unarmed Combat | 4 5 7 9 10 11 | 11.5
Spellcasting   | 3 4 |  4.0
Fighting       | 3 5 8 9 10 | 10.0
Dodging        | 2 5 6 |  6.5
Invocations    | 1 4 |  4.0
Air Magic      | 2 |  2.0
Conjurations   | 1 |  1.0
Poison Magic   | 2 |  2.1

Action                   |  1- 3 |  4- 6 |  7- 9 | 10-12 || total
-------------------------+-------+-------+-------+-------++-------
Melee: Unarmed           |    32 |    57 |   254 |   289 ||   632
       Tailslap          |     9 |     6 |    22 |    28 ||    65
       Dagger            |    79 |   120 |    63 |       ||   262
       Punch             |       |     3 |     2 |     5 ||    10
Throw: Boomerang         |     4 |       |       |       ||     4
 Cast: Beastly Appendage |     2 |       |       |       ||     2
       Spider Form       |       |     7 |     5 |       ||    12
       Blade Hands       |       |       |    28 |    27 ||    55
       Sticks to Snakes  |       |       |     1 |       ||     1
       Mephitic Cloud    |       |       |       |     1 ||     1
 Abil: Breathe Lightning |       |       |       |     1 ||     1
  Use: Potion            |       |     2 |     2 |     1 ||     5
       Scroll            |       |       |    17 |     4 ||    21
 Stab: Sleeping          |     4 |     1 |     1 |       ||     6
       Invisible         |       |       |       |     1 ||     1
  Eat: Chunk             |     2 |     8 |    18 |    12 ||    40
       Ration            |       |       |     3 |     3 ||     6
Armor: Skin              |    33 |    46 |   117 |    98 ||   294
Dodge: Dodged            |    59 |   145 |   213 |   219 ||   636

Table legend:
 A = Non-vault XP
 B = Vault XP
 C = Vault XP percentage of total XP
 D = Non-vault monster count
 E = Vault monster count
 F = Vault count percentage of total count
                 A         B        C        D         E       F
            +---------+---------+-------+---------+---------+-------
      Total |   11751 |    6395 |  35.2 |     243 |      65 |  21.1
            +---------+---------+-------+---------+---------+-------
        D:1 |      51 |       3 |   5.6 |      26 |       1 |   3.7
        D:2 |     197 |      48 |  19.6 |      36 |       4 |  10.0
        D:3 |     285 |     285 |  50.0 |      22 |      14 |  38.9
        D:4 |     139 |     927 |  87.0 |      17 |       3 |  15.0
        D:5 |     269 |       0 |   0.0 |      17 |       0 |   0.0
        D:6 |    1517 |       0 |   0.0 |      36 |       0 |   0.0
        D:7 |     327 |       0 |   0.0 |       6 |       0 |   0.0
        D:8 |    2660 |     943 |  26.2 |      27 |      16 |  37.2
        D:9 |    3267 |     227 |   6.5 |      28 |       8 |  22.2
       D:10 |    2237 |    2774 |  55.4 |      16 |      11 |  40.7
       D:11 |     802 |    1188 |  59.7 |      12 |       8 |  40.0
            +---------+---------+-------+---------+---------+-------
